AoeStats
← samr6104

Arabia

509452742Analyzed
2v2 RM · 6d ago on Sep 26, 2026· 63m 26s· 4 players
Game mode
Random Map
Map size
Medium (4 player)
Population
200
Speed
Normal
Resources
Standard
Victory
Conquest
Starting age
Dark Age
Ending age
Imperial Age
RankedLock teamsTeams togetherTeam positionsShared explorationLock speedFull tech treeHidden civsTurbo modeCheats
Victory
Defeat
🇦🇹 Danes · Austria
980
+15
🇦🇹 Varangians · Austria
977
+15
🇪🇸 Franks · Spain
960
-15
🇮🇹 Spanish · Italy
948
-15
samr6104
5:23 Loom
9:39 Feudal Age
10:05 Double-Bit Axe
20:41 Castle Age
21:41 Bow Saw
22:35 Wheelbarrow
21:54 Gold Mining
23:00 Forging
23:56 Hand Cart
24:52 Town Watch
29:36 Scale Barding Armor
30:08 Iron Casting
31:34 Chain Barding Armor
35:10 Imperial Age
39:38 Fletching
39:39 Elite Skirmisher
42:18 Bodkin Arrow
43:41 Cavalier
47:40 Gold Shaft Mining
48:58 Plate Barding Armor
56:41 Blast Furnace
58:34 Paladin
alfredopgn93
6:10 Loom
9:34 Feudal Age
10:17 Double-Bit Axe
13:35 Town Watch
22:20 Castle Age
23:15 Bow Saw
24:03 Scale Barding Armor
24:08 Forging
24:11 Husbandry
29:17 Fletching
29:55 Bodkin Arrow
37:34 Wheelbarrow
37:00 Town Patrol
44:15 Imperial Age
46:39 Cavalier
55:00 Chain Barding Armor
55:15 Iron Casting
54:45 Bracer
55:03 Gold Mining
57:16 Ballistics
57:57 Chemistry
Xicht
8:34 Loom
11:50 Feudal Age
19:24 Double-Bit Axe
20:10 Bloodlines
23:51 Castle Age
23:55 Forging
23:48 Scale Mail Armor
25:18 Light Cavalry
29:01 Scale Barding Armor
29:32 Iron Casting
30:44 Chain Barding Armor
32:43 Husbandry
36:30 Pikeman
37:13 Squires
49:49 Arson
56:16 Imperial Age
57:53 Horse Collar
58:25 Bow Saw
58:35 Elite Jarl
Karmageddon
10:21 Feudal Age
11:02 Man-at-Arms
12:26 Loom
14:50 Double-Bit Axe
21:42 Castle Age
21:14 Stone Mining
21:26 Scale Mail Armor
23:10 Bow Saw
23:24 Pikeman
29:30 Chain Mail Armor
29:13 Elite Skirmisher
30:21 Fletching
31:37 Squires
32:15 Bodkin Arrow
41:53 Padded Archer Armor
43:03 Thumb Ring
54:19 Imperial Age
56:26 Imperial Age
59:56 Halberdier
Connection lost

Rejoining the realm…

Still unreachable

The connection could not be restored.

Session expired

The server has moved on; the page needs a fresh start.